 Dungeon Crawl Stone Soup version bcrawl-1.20.1-3-gdcb1fc31ed (webtiles) character file.

Game seed: 7500882395607417911

139267 Mrkan the Warrior (level 16, -8/159 HPs)
             Began as a Minotaur Fighter on Jan 27, 2020.
             Was the Champion of Makhleb.
             Mangled by a death yak (10 damage)
             ... led by Polyphemus
             ... on level 3 of the Shoals on Feb 4, 2020.
             The game lasted 00:49:39 (22518 turns).

Mrkan the Warrior (Minotaur Fighter)               Turns: 22518, Time: 00:49:40

Health: -8/159     AC: 19    Str: 29    XL:     16   Next: 73%
Magic:  23/23      EV: 15    Int:  8    God:    Makhleb [******]
Gold:   2128       SH:  0    Dex: 29    Spells: 15/15 levels left

rFire    + . .     SeeInvis .   I - +9 mace "Xoavon" {flame, +Rage rElec Str+2 Dex+2}
rCold    + . .     Gourm    .   X - +1 shield {rF+}
rNeg     . . .     Faith    .   S - +4 swamp dragon scales "Nauceola" {rPois rF+ rCorr Dex+3}
rPois    +         Spirit   .   A - +0 hat {MR+}
rElec    +         Reflect  .   (no cloak)
rCorr    +         Harm     .   J - +0 pair of fencer's gloves {Riposte Dex+6}
MR       ++...                  C - +0 pair of boots
Stlth    +.........             P - amulet of rage
HPRegen  0.36/turn              U - +4 ring of evasion
MPRegen  0.18/turn              L - ring "Itten" {Ice rPois Str+4 Int+3 Dex+3}

@: about to teleport, petrifying (expiring), mesmerised, studying Maces &
Flails, very slow
A: retaliatory headbutt, horns 2
a: Minor Destruction, Lesser Servant of Makhleb, Major Destruction, Greater
Servant of Makhleb, Renounce Religion, Evoke Berserk Rage


You were on level 3 of the Shoals.
You worshipped Makhleb.
Makhleb was exalted by your worship.
You were not hungry.

You visited 4 branches of the dungeon, and saw 22 of its levels.
You also visited: Ossuary, Ice Cave and Volcano.

You collected 2758 gold pieces.
You spent 630 gold pieces at shops.

Inventory:

Hand Weapons
 I - the +9 mace "Xoavon" (weapon) {flame, +Rage rElec Str+2 Dex+2}
   (You found it on level 6 of the Dungeon)

   It has been specially enchanted to burn those struck by it, causing extra
   injury to most foes and up to half again as much damage against particularly
   susceptible opponents.
   It affects your strength (+2).
   It affects your dexterity (+2).
   It insulates you from electricity.
   It lets you go berserk.
Missiles
 M - 9 throwing nets (quivered) {!f}
Armour
 A - a +0 hat of magic resistance (worn)
 C - a +0 pair of boots (worn)
 J - the +0 pair of fencer's gloves (worn) {Riposte Dex+6}
   (You bought it in a shop on level 10 of the Dungeon)

   It affects your dexterity (+6).
 R - a +0 large shield
 S - the +4 swamp dragon scales "Nauceola" (worn) {rPois rF+ rCorr Dex+3}
   (You found it on level 6 of the Lair of Beasts)

   It affects your dexterity (+3).
   It protects you from fire.
   It protects you from poison.
   It provides partial protection from all sources of acid and corrosion.
 X - a +1 shield of fire resistance (worn)
Jewellery
 s - an uncursed ring of wizardry
 L - the ring "Itten" (right hand) {Ice rPois Str+4 Int+3 Dex+3}
   (You found it in an ice cave)

   [ring of ice]

   It enhances your ice magic.
   It affects your strength (+4).
   It affects your intelligence (+3).
   It affects your dexterity (+3).
   It makes you vulnerable to fire.
   It protects you from cold.
   It protects you from poison.
 P - an amulet of rage (around neck)
 Q - an uncursed ring of resist corrosion
 U - a +4 ring of evasion (left hand)
Wands
 l - a wand of acid (12)
 w - a wand of paralysis (16)
 y - a wand of flame (28)
 H - a wand of enslavement (6)
 K - a wand of digging (9)
 V - a wand of polymorph (13)
Scrolls
 f - 7 scrolls of amnesia
 g - 3 scrolls of fog
 i - 9 scrolls of immolation
 k - 6 scrolls of fear
 o - 2 scrolls of summoning
 p - 4 scrolls of magic mapping
 r - 3 scrolls of enchant armour
 v - 3 scrolls of blinking
 x - 3 scrolls of torment
 B - 8 scrolls of remove curse
 E - 6 scrolls of teleportation
 G - 7 scrolls of enchant weapon
 O - a scroll of vulnerability {unknown}
 W - 5 scrolls of identify
Potions
 a - 3 potions of haste
 b - a potion of lignification
 c - a potion of magic {unknown}
 d - 3 potions of might
 h - 13 potions of curing
 j - 7 potions of agility
 m - 2 potions of flight
 n - 6 potions of mutation
 z - 4 potions of resistance
 D - 5 potions of ambrosia
 F - 2 potions of invisibility
 T - 5 potions of berserk rage
Books
 N - a manual of Maces & Flails
Miscellaneous
 Y - a lamp of fire
Comestibles
 e - 51 rations {!d}


   Skills:
 + Level 18.7 Fighting
 - Level 14.0 Maces & Flails
 + Level 16.3 Armour
 + Level 12.4 Dodging
 - Level 15.2 Shields
 * Level 11.9 Invocations


You had 15 spell levels left.
You didn't know any spells.
Your spell library contained the following spells:

 Spells                   Type           Power        Failure   Level  Hunger
 Beastly Appendage        Tmut           #.....       50%         1    ##.....
 Infusion                 Chrm           #.......     50%         1    ##.....
 Song of Slaying          Chrm           #.......     63%         2    ###....
 Sticks to Snakes         Tmut           #.......     63%         2    ###....
 Confuse                  Hex            #.......     86%         3    ####...
 Dazzling Spray           Conj/Hex       #.....       86%         3    ####...
 Ozocubu's Armour         Chrm/Ice       #.......     86%         3    ####...
 Regeneration             Chrm/Necr      #.........   86%         3    ####...
 Spectral Weapon          Hex/Chrm       #.......     86%         3    ####...
 Spider Form              Tmut/Pois      #..          86%         3    ####...
 Ice Form                 Ice/Tmut       #.......     99%         4    #####..
 Petrify                  Tmut/Erth      #.......     99%         4    #####..
 Yara's Violent Unravell  Hex/Tmut       #.........   99%         4    #####..
 Blade Hands              Tmut           #.........   100%        5    ######.
 Bolt of Magma            Conj/Fire/Erth #.........   100%        5    ######.
 Fireball                 Conj/Fire      #.........   100%        5    ######.
 Metabolic Englaciation   Hex/Ice        #.........   100%        5    ######.
 Bolt of Fire             Conj/Fire      #.........   100%        6    #######
 Steam Barrier            Chrm/Fire      #.........   100%        6    #######
 Mana Rupture             Conj/Hex       #.........   100%        7    #######
 Ignition                 Fire           #.........   100%        8    #######


Dungeon Overview and Level Annotations

Branches:
Dungeon (12/12)            Temple (0/1) D:6            Lair (6/6) D:9
 Shoals (3/3) Lair:3        Snake (0/3) Lair:3        Slime (0/5) Lair:5
    Orc (1/1) D:11            Elf (0/3) Orc          Vaults (0/3) D:11
 Depths (0/5) D:12

Altars:
Ashenzari
Makhleb
Nemelex Xobeh
Trog
Xom
Jiyva

Shops:
D:10 [   D:11 *[   Orc *[   Shoals:2 [

Annotations:
D:5 3 runed translucent doors, Conn's ghost, novice FrFE
D:7 1 runed translucent door, Quickbrownfox's ghost, novice CeAM
D:12 1 runed translucent door, Revguard's ghost, journeyman OgBe
Shoals:1 exclusion: 2 oklob plants
Shoals:3 Polyphemus


Innate Abilities, Weirdness & Mutations

You reflexively headbutt those who attack you in melee.
You have a pair of horns on your head.


Message History

The harpy claws you but does no damage. The death yak gores you!
* * * LOW HITPOINT WARNING * * *
The harpy is engulfed in calcifying dust.
The harpy is moving more slowly.
The harpy claws you but does no damage. The harpy claws you.
* * * LOW HITPOINT WARNING * * *
The merfolk siren closely misses you. The sea snake completely misses you.
You furiously retaliate!
You headbutt the sea snake!
You riposte.
You hit the sea snake. You burn the sea snake. You headbutt the sea snake.
The sea snake is moderately wounded.
The catoblepas gores you!!
* * * LOW HITPOINT WARNING * * *
Polyphemus barely misses you. You furiously retaliate!
You headbutt Polyphemus, but do no damage.
Polyphemus closely misses you. The water nymph touches you.
* * * LOW HITPOINT WARNING * * *
The water nymph drowns you!
* * * LOW HITPOINT WARNING * * *
The death yak gores you!
You die...

≈≈≈≈≈≈≈≈≈.. ######.
≈≈≈≈≈≈≈≈.......≈≈≈≈≈≈≈≈≈
≈≈≈≈≈≈≈≈..##...≈≈≈≈≈≈≈≈≈
≈≈≈≈≈≈≈≈(###...≈≈≈≈≈≈≈≈.
≈≈≈...≈≈........≈≈≈≈≈≈≈.
≈..<......)....≈≈≈≈≈≈≈≈.
≈..###........§≈≈≈≈≈≈≈..
≈..# #.≈......≈H≈Y≈≈≈≈..
≈).###.≈≈≈...≈≈C@SH≈≈..#
≈......≈≈≈≈≈≈≈)mmY≈≈..##
≈...≈≈≈≈≈≈≈≈≈≈≈†..≈≈..#
...≈≈≈≈≈≈≈≈≈≈..†.%≈≈..#
.....≈≈≈≈≈≈≈≈##≈≈.≈≈≈≈..
..#....≈≈≈#######≈≈≈≈≈≈≈
≈...≈≈≈≈##.. ##≈≈≈≈≈
≈≈≈≈≈≈≈.# ... ≈≈≈≈≈
≈≈≈≈.≈≈.≈ .# ≈≈≈


You could see Polyphemus, a death yak, a catoblepas, a sea snake, a merfolk
siren, a water nymph and 2 harpies.

Vanquished Creatures
  Gastronok (Lair:3)
  Kirke (Lair:3)
  A frost giant (IceCv)
  An orc warlord (Orc)
  Snorg (D:12)
  4 merfolk impalers (Shoals:2)
  3 merfolk javelineers (Shoals:2)
  2 ice dragons (D:12)
  2 ogre magi
  Harold (Orc)
  7 hydras
  Erica (D:10)
  4 catoblepae
  3 merfolk aquamancers
  2 centaur warriors
  10 two-headed ogres
  3 orc high priests (Orc)
  22 death yaks
  A satyr (Shoals:1)
  Urug (Lair:3)
  Nergalle (D:11)
  A deep elf knight (D:9)
  3 sea snakes
  2 skeletal warriors (Volcano)
  An unseen horror (D:11)
  4 orc knights
  5 harpies
  2 wolf spider zombies
  Pikel (D:4)
  3 cyclopes
  5 orc sorcerers (Orc)
  2 deep elf magi
  6 ugly things
  3 fauns (Shoals:2)
  6 manticores
  18 elephants
  7 merfolk sirens
  An ice statue (IceCv)
  8 black mambas
  Joseph (D:7)
  A water nymph (Shoals:2)
  A torpor snail (Lair:5)
  3 centaur skeletons (D:11)
  4 gargoyles
  13 cane toads
  3 kobold demonologists (D:12)
  7 komodo dragons
  An efreet (D:11)
  3 rime drakes
  16 polar bears
  14 merfolk
  4 trolls
  A wind drake (Shoals:2)
  Prince Ribbit (D:8)
  12 hippogriffs
  A hornet (D:8)
  8 slime creatures
  8 blink frogs
  2 meliai zombies
  A snapping turtle (Shoals:1)
  5 dream sheep (Lair:4)
  Sigmund (D:6)
  2 alligator skeletons (Volcano)
  2 flying skulls (Volcano)
  A wyvern (D:11)
  52 yaks
  2 shadows
  A vampire (D:8)
  A hog (Lair:3)
  8 water elementals
  5 basilisks
  3 fire bats (Orc)
  Eustachio (D:5)
  8 vampire mosquitoes
  A hungry ghost (D:9)
  Edmund (D:4)
  Menkaure (D:6)
  2 acid dragons
  12 crocodiles
  4 porcupines
  13 water moccasins
  32 orc warriors
  9 ice beasts
  2 black bears
  2 boggarts
  A necrophage (D:10)
  A phantom (D:5)
  An eye of draining (D:10)
  14 ogres
  29 wolves
  9 centaurs
  8 bullfrogs
  5 big kobolds
  A gnoll sergeant (D:11)
  3 water moccasin zombies (Ossuary)
  A wyvern skeleton (D:8)
  A water moccasin skeleton (D:9)
  13 killer bees
  A troll skeleton (Volcano)
  A wight (D:10)
  2 electric eels (D:9)
  5 howler monkeys
  5 crimson imps
  3 hounds
  4 jellies
  24 orc priests
  5 centaur zombies
  Crazy Yiuf (D:4)
  35 orc wizards
  A bullfrog skeleton (D:8)
  A gnoll shaman (D:5)
  3 iguanas
  7 hell rats
  14 worker ants
  5 big kobold zombies (Ossuary)
  2 naga skeletons (Volcano)
  3 mummies
  A howler monkey zombie (D:10)
  A worker ant zombie (D:6)
  12 gnolls
  2 river rats (D:9)
  4 adders
  A shadow imp (D:10)
  4 oozes
  7 adder zombies (Ossuary)
  2 adder skeletons
  2 worms
  4 dart slugs
  4 leopard geckos
  93 orcs
  4 bats
  2 giant cockroaches
  4 gnoll zombies (Ossuary)
  6 goblins
  3 hobgoblins
  4 jackals
  7 quokkas
  A ball python (D:1)
  3 frilled lizards
  4 hobgoblin zombies (Ossuary)
  11 kobolds
  5 kobold zombies (Ossuary)
  2 orc zombies (Ossuary)
  8 rats
836 creatures vanquished.

Vanquished Creatures (collateral kills)
  A harpy (Shoals:3)
1 creature vanquished.

Vanquished Creatures (others)
  A human (Lair:3)
  An orc wizard (Orc)
  A worker ant (D:12)
  An orc (D:11)
  A fungus (Lair:6)
  2 plants (Shoals:1)
7 creatures vanquished.

Grand Total: 844 creatures vanquished

Notes
Turn   | Place    | Note
-------+----------+-------------------------------------------
     0 | D:1      | Mrkan the Minotaur Fighter began the quest for the Orb.
     0 | D:1      | Reached XP level 1. HP: 19/19 MP: 0/0
   150 | D:1      | Reached XP level 2. HP: 27/27 MP: 1/1
   653 | D:2      | Reached XP level 3. HP: 33/33 MP: 2/2
   671 | D:2      | Reached skill level 4 in Fighting
  1509 | D:3      | Reached XP level 4. HP: 9/40 MP: 3/3
  2233 | D:4      | Reached XP level 5. HP: 47/47 MP: 4/4
  2255 | D:4      | Noticed a slave
  2255 | D:4      | Noticed a slave
  2256 | D:4      | Noticed Pikel
  2256 | D:4      | Noticed a slave
  2256 | D:4      | Noticed a slave
  2272 | D:4      | Paralysed by Pikel for 4 turns
  2279 | D:4      | Killed Pikel
  2279 | D:4      | Reached skill level 5 in Fighting
  2279 | D:4      | Reached skill level 5 in Armour
  2279 | D:4      | Reached skill level 5 in Shields
  2279 | D:4      | Reached XP level 6. HP: 47/56 MP: 5/5
  2279 | D:4      | Reached XP level 7. HP: 52/61 MP: 6/6
  2707 | D:4      | Noticed Edmund
  2730 | D:4      | Killed Edmund
  2730 | D:4      | Reached skill level 6 in Fighting
  2756 | D:4      | Found a burning altar of Makhleb.
  2780 | D:4      | Became a worshipper of Makhleb the Destroyer
  2789 | D:4      | Found a sparkling altar of Nemelex Xobeh.
  2916 | D:4      | Found a runed door.
  2934 | D:4      | Noticed Crazy Yiuf
  2944 | D:4      | Killed Crazy Yiuf
  3155 | D:5      | Entered Level 5 of the Dungeon
  3273 | D:5      | Reached XP level 8. HP: 61/70 MP: 7/7
  3592 | D:5      | Found a runed translucent gate.
  3592 | D:5      | Found a runed translucent gate.
  3593 | D:5      | Found a runed translucent gate.
  3595 | D:5      | Noticed Conn's ghost (novice FrFE)
  4211 | D:5      | Noticed Eustachio
  4219 | D:5      | Killed Eustachio
  4281 | D:5      | Reached * piety under Makhleb
  4281 | D:5      | Reached skill level 7 in Fighting
  4400 | D:6      | Noticed Sigmund
  4410 | D:6      | Killed Sigmund
  4543 | D:6      | Found a sand-covered staircase.
  4567 | Ossuary  | Entered an ossuary
  4635 | Ossuary  | Reached XP level 9. HP: 78/79 MP: 8/8
  4742 | Ossuary  | Reached ** piety under Makhleb
  4885 | D:6      | Found a staircase to the Ecumenical Temple.
  4968 | D:6      | Got a shimmering mace
  5144 | D:6      | Noticed Menkaure
  5164 | D:6      | Upgraded the game from bcrawl-1.20.1 to
                  | bcrawl-1.20.1-3-gdcb1fc31ed
  5168 | D:6      | Killed Menkaure
  5434 | D:6      | Got a pitted hunting sling
  5632 | D:6      | Identified the +9 mace "Xoavon" {flame, +Rage rElec Str+2
                  | Dex+2} (You found it on level 6 of the Dungeon)
  5672 | D:6      | Reached skill level 9 in Fighting
  5672 | D:6      | Reached XP level 10. HP: 92/92 MP: 9/9
  5733 | D:7      | Found a runed translucent door.
  5827 | D:7      | Noticed Joseph
  5840 | D:7      | Killed Joseph
  5918 | D:7      | Noticed a green ugly thing
  5924 | D:7      | Killed a green ugly thing
  5928 | D:7      | Reached skill level 10 in Armour
  6111 | D:7      | Found a shimmering altar of Xom.
  6276 | D:7      | Noticed Quickbrownfox's ghost (novice CeAM)
  6427 | D:8      | Reached skill level 10 in Fighting
  6449 | D:8      | Got a warped battleaxe
  6481 | D:8      | Reached skill level 10 in Shields
  6582 | D:8      | Reached *** piety under Makhleb
  6623 | D:8      | Identified the +4 battleaxe "Ranuta Baph" {holy, +Rage rN+
                  | Str+2 Dex+3} (You found it on level 8 of the Dungeon)
  6664 | D:8      | Noticed Prince Ribbit
  6700 | D:8      | Killed Prince Ribbit
  7053 | D:8      | Reached XP level 11. HP: 99/100 MP: 10/10
  7372 | D:9      | Noticed a deep elf knight
  7382 | D:9      | Killed a deep elf knight
  7489 | D:9      | Noticed a deep elf mage
  7536 | D:9      | Killed a deep elf mage
  7662 | D:9      | Noticed a two-headed ogre
  7668 | D:9      | Killed a two-headed ogre
  7673 | D:9      | Reached **** piety under Makhleb
  7984 | D:9      | Found a staircase to the Lair.
  7984 | D:9      | Noticed a death yak
  7985 | D:9      | Noticed a death yak
  7997 | D:9      | Reached skill level 11 in Fighting
  7998 | D:9      | Noticed a death yak
  8006 | D:9      | Killed a death yak
  8022 | D:9      | Killed a death yak
  8040 | D:9      | Killed a death yak
  8273 | Lair:1   | Entered Level 1 of the Lair of Beasts
  8415 | Lair:1   | Reached ***** piety under Makhleb
  8449 | Lair:1   | Reached XP level 12. HP: 111/111 MP: 11/11
  8692 | Lair:1   | Got a jewelled quarterstaff
  9008 | Lair:1   | Found a shattered altar of Ashenzari.
  9342 | Lair:2   | Reached skill level 12 in Fighting
  9696 | Lair:2   | Reached skill level 1 in Dodging
  9782 | Lair:2   | Noticed an eight-headed hydra
  9790 | Lair:2   | Killed an eight-headed hydra
  9918 | Lair:2   | Noticed a seven-headed hydra
  9926 | Lair:2   | Killed a seven-headed hydra
  9937 | Lair:2   | Reached skill level 1 in Invocations
 10397 | Lair:2   | Got a fabulously ornate robe
 10563 | Lair:2   | Identified a scroll of acquirement
 10563 | Lair:2   | Identified the +0 buckler "Fatiuw" {+Blink} (You acquired
                  | it on level 2 of the Lair of Beasts)
 10563 | Lair:2   | Identified the ring of Thoughtfulness {+Fly rPois} (You
                  | acquired it on level 2 of the Lair of Beasts)
 10793 | Lair:3   | Found a frozen archway.
 10921 | IceCv    | Entered an ice cave
 11017 | IceCv    | Noticed a death yak
 11032 | IceCv    | Killed a death yak
 11089 | IceCv    | Reached skill level 5 in Dodging
 11099 | IceCv    | Reached skill level 13 in Fighting
 11116 | IceCv    | Reached XP level 13. HP: 122/122 MP: 13/13
 11499 | IceCv    | Reached ****** piety under Makhleb
 11568 | IceCv    | Noticed a frost giant
 11588 | IceCv    | Killed a frost giant
 11626 | IceCv    | Got a pitted lead ring
 11641 | IceCv    | Identified the ring "Itten" {Ice rPois Str+4 Int+3 Dex+3}
                  | (You found it in an ice cave)
 11662 | Lair:3   | Noticed Urug
 11681 | Lair:3   | Noticed Gastronok
 11684 | Lair:3   | Found a staircase to the Shoals.
 11697 | Lair:3   | Killed Gastronok
 12135 | Lair:3   | Killed Urug
 12135 | Lair:3   | Reached skill level 14 in Fighting
 12204 | Lair:3   | Noticed Kirke
 12245 | Lair:3   | Killed Kirke
 12441 | Lair:3   | Found a staircase to the Snake Pit.
 12886 | Lair:4   | Reached skill level 5 in Invocations
 13022 | Lair:4   | Reached XP level 14. HP: 133/133 MP: 16/16
 14009 | Lair:5   | Found a staircase to the Slime Pits.
 14010 | Lair:5   | Found a viscous altar of Jiyva.
 14088 | Lair:5   | Reached skill level 15 in Fighting
 14822 | Lair:6   | Entered Level 6 of the Lair of Beasts
 15467 | Lair:6   | Reached skill level 15 in Shields
 15477 | Lair:6   | Reached skill level 10 in Dodging
 15483 | Lair:6   | Reached skill level 16 in Fighting
 16029 | Lair:6   | Reached XP level 15. HP: 80/144 MP: 19/19
 16041 | Lair:6   | Got encrusted swamp dragon scales
 16044 | Lair:6   | Identified the +4 swamp dragon scales "Nauceola" {rPois rF+
                  | rCorr Dex+3} (You found it on level 6 of the Lair of
                  | Beasts)
 16699 | D:10     | Entered Level 10 of the Dungeon
 16905 | D:10     | Found Gaxissug's Armour Emporium.
 16910 | D:10     | Bought the +0 pair of fencer's gloves {Riposte Dex+6} for
                  | 630 gold pieces
 16910 | D:10     | Found the +0 pair of fencer's gloves {Riposte Dex+6}
 16980 | D:10     | Noticed Erica
 16990 | D:10     | Killed Erica
 17825 | D:11     | Noticed Nergalle
 17841 | D:11     | Killed Nergalle
 17858 | D:11     | Found Usmot's Elemental Accessories.
 17923 | D:11     | Found Joaprint's Armour Shoppe.
 17978 | D:11     | Found a gate to the Vaults.
 18097 | D:11     | Reached skill level 15 in Armour
 18213 | D:11     | Found a staircase to the Orcish Mines.
 18401 | D:11     | Reached skill level 17 in Fighting
 18591 | Orc      | Entered the Orcish Mines
 18603 | Orc      | Found a bloodstained altar of Trog.
 18803 | Orc      | Found a dark tunnel.
 18825 | Volcano  | Entered a volcano
 19213 | Orc      | Found a staircase to the Elven Halls.
 19599 | Orc      | Paralysed by an orc sorcerer for 2 turns
 19601 | Orc      | Noticed Harold
 19622 | Orc      | Killed Harold
 19663 | Orc      | Noticed an orc warlord
 19691 | Orc      | Killed an orc warlord
 20019 | Orc      | Found Korchom's Antique Armour Shop.
 20020 | Orc      | Found Ruuvatat's Antique Weapon Boutique.
 20022 | Orc      | Found Jiecs's General Store.
 20022 | Orc      | Found Ucivujoc's Book Shop.
 20218 | D:12     | Entered Level 12 of the Dungeon
 20241 | D:12     | Reached skill level 10 in Invocations
 20284 | D:12     | Reached XP level 16. HP: 105/157 MP: 22/22
 20291 | D:12     | Noticed Snorg
 20315 | D:12     | Killed Snorg
 20318 | D:12     | Reached skill level 18 in Fighting
 20445 | D:12     | Noticed Revguard's ghost (journeyman OgBe)
 20644 | D:12     | Found a runed translucent door.
 20683 | D:12     | Found a staircase to the Depths.
 21102 | Shoals:1 | Entered Level 1 of the Shoals
 21497 | Shoals:1 | Noticed a kraken
 22294 | Shoals:2 | Found Suacs's Antique Armour Shoppe.
 22441 | Shoals:3 | Entered Level 3 of the Shoals
 22486 | Shoals:3 | Noticed Polyphemus
 22518 | Shoals:3 | HP: 2/159 [drowned by a water nymph (8)]
 22518 | Shoals:3 | Mangled by a death yak

Skill      XL: |  1  2  3  4  5  6  7  8  9 10 11 12 13 14 15 16 |
---------------+-------------------------------------------------+-----
Maces & Flails | 3 4 6 7 9 12 13 14 | 14.0
Shields        | 4 5 6 7 9 10 11 12 13 15 | 15.2
Armour         | 4 5 6 7 9 10 11 12 13 14 15 16 | 16.3
Fighting       | 4 5 6 7 9 10 11 13 14 16 17 18 | 18.7
Dodging        | 5 8 10 11 12 | 12.4
Invocations    | 2 5 6 10 11 | 11.9

Action                   |  1- 3 |  4- 6 |  7- 9 | 10-12 | 13-15 | 16-18 || total
-------------------------+-------+-------+-------+-------+-------+-------++-------
Melee: Flail             |    76 |    46 |       |       |       |       ||   122
       Headbutt          |     8 |    10 |   100 |   137 |   528 |   162 ||   945
       Whip              |       |       |   411 |       |       |       ||   411
       Mace              |       |       |       |   604 |  1299 |   326 ||  2229
Invok: Greater Servant o |       |       |       |       |       |     1 ||     1
  Use: Scroll            |       |       |    21 |    10 |     3 |     2 ||    36
       Potion            |       |       |     2 |       |     3 |     4 ||     9
 Stab: Distracted        |       |       |     1 |       |       |     1 ||     2
       Petrifying        |       |       |       |       |     2 |       ||     2
       Petrified         |       |       |       |       |     1 |       ||     1
       Sleeping          |       |       |       |       |       |     1 ||     1
  Eat: Chunk             |     2 |     2 |    11 |    16 |    41 |     5 ||    77
       Ration            |       |       |       |     1 |     1 |       ||     2
Armor: Scale mail        |    29 |     6 |    50 |       |       |       ||    85
       Chain mail        |       |       |    64 |    26 |       |       ||    90
       Plate armour      |       |       |       |   239 |   256 |       ||   495
       Swamp dragon scal |       |       |       |       |   123 |    60 ||   183
Dodge: Dodged            |    12 |     8 |    59 |   139 |   671 |   345 ||  1234
Block: Shield            |    38 |    15 |   149 |   474 |   851 |   348 ||  1875
       Large shield      |       |       |       |       |   412 |       ||   412
       Rpst.: Mace       |       |       |       |       |    90 |    52 ||   142
